 Dungeon Crawl Stone Soup version 0.31-a0-774-g0d66cbabe8 (webtiles) character file.

Game seed: 10248386352285225995

31 cforsyth the Sneak (level 3, 0/30 HPs)
             Began as a Djinni Delver on Sept 17, 2023.
             Slain by an orc
             ... wielding a +0 mace
              (6 damage)
             ... on level 5 of the Dungeon.
             The game lasted 00:00:34 (103 turns).

cforsyth the Sneak (Djinni Delver)                   Turns: 103, Time: 00:00:35

Health: 0/30       AC:  3    Str: 11    XL:     3   Next: 40%
Gold:   0          EV: 12    Int: 13    God:
                   SH:  0    Dex: 14

rFire   + + .        a - +0 falchion
rCold   x . .        (no shield)
rNeg    . . .        b - +0 leather armour
rPois   ∞            (no helmet)
rElec   .            (no cloak)
rCorr   .            (no gloves)
SInv    .            (boots unavailable)
Will    .....        (no amulet)
Stlth   ++           (no ring)
HPRegen 0.25/turn    (no ring)
MPRegen 0.00/turn

%: infuse magic (-1 HP)
@: flying
A: sickness immunity, fire resistance 2, cold vulnerability 1, float, innate
caster, HP casting, extra vitality 1
a: no special abilities


You were on level 5 of the Dungeon.
You visited 1 branch of the dungeon, and saw 1 of its levels.

Inventory:

Hand Weapons
 a - a +0 falchion (weapon)
Armour
 b - a +0 leather armour (worn)
Wands
 g - a wand of digging (3)
Scrolls
 c - 2 scrolls of fog
 d - a scroll of revelation
 e - a scroll of fear
Potions
 f - a potion of haste


   Skills:
 + Level 3.6 Fighting
 - Level 1.7 Long Blades
 - Level 2.1 Dodging
 - Level 4.1 Stealth
 + Level 1.2 Spellcasting
 + Level 1.2 Conjurations
 + Level 1.2 Hexes
   Level 0.0 Charms
 + Level 1.2 Summonings
 + Level 1.2 Necromancy
 + Level 1.2 Translocations
 + Level 1.2 Transmutations
 + Level 1.2 Fire Magic
 + Level 1.2 Ice Magic
 + Level 1.2 Air Magic
 + Level 1.2 Earth Magic
 + Level 1.2 Poison Magic


You knew the following spells:

 Your Spells              Type           Power      Damage    Failure   Level
a - Shock                 Conj/Air       16%        1d4       22%         1
Your spell library was empty.

Dungeon Overview and Level Annotations

Branches:
Dungeon (5/15)
 Temple: D:4-7

Altars:


Innate Abilities, Weirdness & Mutations

You are immune to sickness and miasma.
You are immune to poison.
Your flesh is very heat resistant. (rF++)
You are vulnerable to cold. (rC-)
You float through the air rather than walking.
You learn spells naturally, not from books.
Your magical power is your life essence.
You have superior vitality. (+4 MHP)


Message History

* * * LOW HITPOINT WARNING * * *
The orc hits you with a +0 short sword.
* * * LOW HITPOINT WARNING * * *
Casting: Shock (safe; 22% risk of failure)
Confirm with . or Enter, or press ? or * to list all spells.
Aiming: Shock (safe; 22% risk of failure)
Press: ? - help, Shift-Dir - straight line, f/p - orc
Aim: an orc, wielding a +0 mace and wearing a +0 ring mail (heavily wounded, 69% to hit)
The zap hits the orc.
The orc is heavily wounded.
The zap hits the orc.
The orc is moderately wounded.
The zap misses the orc.
* * * LOW HITPOINT WARNING * * *
The orc barely misses you.
Casting: Shock (safe; 22% risk of failure)
Confirm with . or Enter, or press ? or * to list all spells.
Aiming: Shock (safe; 22% risk of failure)
Press: ? - help, Shift-Dir - straight line, f/p - orc
Aim: an orc, wielding a +0 mace and wearing a +0 ring mail (heavily wounded, 69% to hit)
You miscast Shock.
Nothing appears to happen.
* * * LOW HITPOINT WARNING * * *
The orc barely misses you.
Casting: Shock (safe; 22% risk of failure)
Confirm with . or Enter, or press ? or * to list all spells.
Aiming: Shock (safe; 22% risk of failure)
Press: ? - help, Shift-Dir - straight line, f/p - orc
Aim: an orc, wielding a +0 mace and wearing a +0 ring mail (heavily wounded, 69% to hit)
You miscast Shock.
Nothing appears to happen.
* * * LOW HITPOINT WARNING * * *
The orc completely misses you.
You hit the orc.
You kill the orc!
Okay, then.
You slash the orc!
You kill the orc!
You see here a book of Debilitation.
Your magical contamination has completely faded away.
The orc attacks as it pursues you! The orc hits you with a +0 mace.
You die...

#..:..#####..##
#.###...)....## #.#
######....## ##.# #.....###
#..# #.......####. #..#
#............ #..#
#..........#. ##..#####
#o.......###
..######.....o@####......###
...................>...###
...###....####..........#
###..# ####........# #..#
##...#....# #..# #..###..##
#... ...# ### ##o.# #.###
#.l# .#


You could see an orc.

Vanquished Creatures
  An iguana (D:5)
  3 orcs (D:5)
4 creatures vanquished.

Notes
Turn   | Place    | Note
-------+----------+-------------------------------------------
     0 | D:5      | cforsyth the Djinni Delver began the quest for the Orb.
     0 | D:5      | Reached XP level 1. HP: 20/20 MP: 0/0
    37 | D:5      | Noticed an iguana
    78 | D:5      | Killed an iguana
    79 | D:5      | Reached skill level 1 in Spellcasting
    79 | D:5      | Reached skill level 1 in Conjurations
    79 | D:5      | Reached skill level 1 in Hexes
    79 | D:5      | Reached skill level 1 in Summonings
    79 | D:5      | Reached skill level 1 in Necromancy
    79 | D:5      | Reached skill level 1 in Translocations
    79 | D:5      | Reached skill level 1 in Transmutations
    79 | D:5      | Reached skill level 1 in Fire Magic
    79 | D:5      | Reached skill level 1 in Ice Magic
    79 | D:5      | Reached skill level 1 in Air Magic
    79 | D:5      | Reached skill level 1 in Earth Magic
    79 | D:5      | Reached skill level 1 in Poison Magic
    79 | D:5      | Reached XP level 2. HP: 8/25 MP: 0/0
    79 | D:5      | Reached XP level 3. HP: 10/30 MP: 0/0
    79 | D:5      | Learned a level 1 spell: Shock
   103 | D:5      | Slain by an orc

Illustrated notes

Levels and vault maps discovered:
D:5:      layout_layer_cave, led_sif_pool, minmay_temple_entry_sparse_star,
          uniq_pikel

Skill      XL: |  1 |
---------------+----+-----
Spellcasting   | 1 |  1.2
Conjurations   | 1 |  1.2
Hexes          | 1 |  1.2
Summonings     | 1 |  1.2
Necromancy     | 1 |  1.2
Translocations | 1 |  1.2
Transmutations | 1 |  1.2
Fire Magic     | 1 |  1.2
Ice Magic      | 1 |  1.2
Air Magic      | 1 |  1.2
Earth Magic    | 1 |  1.2
Poison Magic   | 1 |  1.2
Fighting       | |  3.6
Long Blades    | |  1.7
Dodging        | |  2.1
Stealth        | |  4.1

Action                     || total
---------------------------++-------
  Melee: Falchion          ||    16
   Cast: Shock             ||     4
 Armour: Leather armour    ||    10
  Dodge: Dodged            ||    14

Table legend: (Time is in decaauts)
 A = Elapsed time spent in this place.
 B = Non-inter-level travel time spent in this place.
 C = Inter-level travel time spent in this place.
 D = Time resting spent in this place.
 E = Time spent auto-exploring this place.
 F = Levels seen in this place.
 G = Mean time per level.
                   A        B        C        D        E       F      G
               +--------+--------+--------+--------+--------+-----+--------+
         Total |    106 |    106 |      0 |      0 |     36 |   1 |  106.0 |
       Dungeon |    106 |    106 |      0 |      0 |     36 |   1 |  106.0 |
               +--------+--------+--------+--------+--------+-----+--------+

Top non-repeatable levels by time:
     D:5: 106 daAuts
